 Dungeon Crawl Stone Soup version 0.13-a0-1775-g6c024ba (webtiles) character file.

854 Zergel the Chiller (level 7, 0/47 HPs)
             Began as a Demonspawn Ice Elementalist on June 23, 2013.
             Slain by a wight
             ... wielding a cursed +1,+1 war axe
              (10 damage)
             ... on Level 6 of the Dungeon.
             The game lasted 00:57:14 (6698 turns).

Zergel the Chiller (Demonspawn Ice Elementalist)    Turns: 6698, Time: 00:57:14

HP   0/47        AC 22     Str  9      XL: 7   Next: 53%
MP  15/15        EV 11     Int 19      God:
Gold 82          SH  0     Dex 13      Spells:  3 memorised,  6 levels left

Res.Fire  : + + .   See Invis. : .   B - +3,+1 Elemental Staff {protect, Hunger Noi Res.Cold : + + . Warding : . k - +3 leather armour Life Prot.: . . . Conserve : . (no shield)
Res.Poison: .       Res.Corr.  : .   (no helmet)
Res.Elec. : .       Clarity    : .   (no cloak)
Sust.Abil.: . .     Spirit.Shd : .   p - +2 pair of gauntlets (curse)
Res.Mut.  : .       Stasis     : .   (no boots)
Res.Rott. : .       Flight     : .   (no amulet)
Saprovore : . . .                    (no ring)
                                     (no ring)

@: icy armour, quick, quite resistant to hostile enchantments, fairly stealthy
A: talons 1, speed 1, powered by pain 1, AC +3, EV -1, Str +1
a: no special abilities


You were on level 6 of the Dungeon.
You were hungry.

You visited 1 branch of the dungeon, and saw 6 of its levels.

You collected 266 gold pieces.
You spent 204 gold pieces at shops.

Inventory:

Hand weapons
 d - a +3,+0 elven dagger
 g - a +0,+2 orcish short sword
 q - a +3,+1 elven whip of venom
 w - a +4,+4 elven dagger
 z - a +1,+0 anti-magic short sword
 B - the +3,+1 Elemental Staff (weapon) {protect, Hunger Noisy rF++ rC++ MR++}
   (You found it on level 4 of the Dungeon)

   It protects the one who wields it against injury (+5 to AC).
   It greatly protects you from fire.
   It greatly protects you from cold.
   It affects your resistance to hostile enchantments.
   It makes noises.
   It speeds your metabolism.
 C - a +0,+0 sling
 J - a +1,+4 whip
 U - a +1,+0 bow
Missiles
 e - 3 poisoned darts (quivered)
 n - 18 poisoned needles
 v - 34 stones
 x - 21 silver sling bullets
 F - 3 silver darts
 H - a throwing net
 L - 24 bolts
 Q - 38 arrows
 R - a dart
Armour
 k - a +3 leather armour (worn)
 p - a cursed +2 pair of gauntlets (worn)
 u - a +0 chain mail
 G - a +0 cloak
 K - a +0 elven ring mail
 M - a +0 ring mail
Comestibles
 c - a bread ration
 r - 5 strawberries
 T - a choko
Scrolls
 f - 2 scrolls of identify
 o - a scroll of fog
 E - a scroll of random uselessness
 N - 3 scrolls of teleportation
 O - 2 scrolls of recharging {unknown}
 P - 2 scrolls of curse armour
Potions
 a - a potion of agility {unknown}
 i - a potion of cure mutation
 l - 2 potions of flight
 m - a potion of invisibility {unknown}
 s - a potion of resistance
 t - a potion of poison
 A - 4 potions of curing
 D - a potion of restore abilities
 S - a potion of paralysis {unknown}
Books
 b - a book of Frost

   Spells                             Type                      Level
   *Freeze                            Ice                          1
   *Throw Frost                       Conjuration/Ice              2
   *Ozocubu's Armour                  Charms/Ice                   3
   Throw Icicle                       Conjuration/Ice              4
   Summon Ice Beast                   Ice/Summoning                4
   Condensation Shield                Ice                          4
 h - a book of Enchantments

   Spells                             Type                      Level
   Cause Fear                         Hexes                        4
   Silence                            Hexes/Air                    5
   Tukima's Dance                     Hexes                        5
   Deflect Missiles                   Charms/Air                   6
   Haste                              Charms                       6


   Skills:
 + Level 1.2 Fighting
 + Level 1.1 Maces & Flails
 + Level 1.0 Staves
 + Level 2.1 Armour
 + Level 3.6 Dodging
 + Level 2.4 Stealth
 + Level 0.8 Traps
 + Level 3.4 Spellcasting
 + Level 2.2 Conjurations
 + Level 1.1 Charms
 + Level 4.6 Ice Magic


You had 6 spell levels left.
You knew the following spells:

 Your Spells              Type           Power        Failure   Level  Hunger
a - Freeze                Ice            ###.         1%          1    None
b - Throw Frost           Conj/Ice       ###...       8%          2    ##.....
c - Ozocubu's Armour      Chrm/Ice       ##........   14%         3    ###....


Dungeon Overview and Level Annotations

Branches:
Dungeon (6/27)
 Temple: D:4-7          Orc: D:6-11

Altars:
Elyvilon

Shops:
D:4: *+?


Innate Abilities, Weirdness & Mutations

You have sharp toenails.
You are mostly covered in icy blue scales (AC +3, EV -1).
You sometimes gain a little power by taking damage.
You are agile (Dex +1).
You cover ground quickly.
Your muscles are strong, but stiff (Str +1, Dex -1).


Message History

The wight barely misses you. The wight closely misses you.
The wight barely misses you.
You hit the wight.
The wight is lightly damaged.
The wight hits you with a great sword!
You focus on the pain.
You feel your power returning.
You feel drained. The wight hits you but does no damage.
The wight completely misses you.
You sock the wight! Your kick misses the wight.
The wight is heavily damaged.
The wight closely misses you. The wight hits you with a war axe!
The wight hits you but does no damage.
You closely miss the wight.
The wight is heavily damaged.
The wight hits you but does no damage. The wight hits you with a great sword.
* * * LOW HITPOINT WARNING * * *
The wight hits you but does no damage.
You barely miss the wight.
The wight is heavily damaged.
The wight hits you with a war axe!
You die...

#.####
#.....###
#.......#
#.....z.#
#.....z@+
........z#
#..####.#
# #.# #.#
#.# ...
#.# #.#


You could see 3 wights.

Vanquished Creatures
  A sky beast (D:4)
  2 ogres
  A centaur (D:5)
  A giant frog zombie (D:5)
  A wight (D:5)
  An orc priest (D:3)
  3 hounds
  Ijyb (D:3)
  Jessica (D:3)
  8 adders
  4 gnolls (D:3)
  An adder zombie (D:5)
  2 worms (D:2)
  A bat skeleton (D:4)
  An ooze (D:2)
  4 orcs (D:3)
  8 giant cockroaches
  9 goblins
  6 hobgoblins
  6 jackals
  8 kobolds
  13 bats
  4 giant geckos
  3 giant newts
  A jackal skeleton (D:4)
  A kobold skeleton (D:4)
  13 rats
105 creatures vanquished.

Vanquished Creatures (others)
  A kobold (D:5)
1 creature vanquished.

Grand Total: 106 creatures vanquished

Notes
Turn   | Place    | Note
--------------------------------------------------------------
     0 | D:1      | Zergel, the Demonspawn Ice Elementalist, began the quest for the Orb.
     0 | D:1      | Reached XP level 1. HP: 13/13 MP: 3/3
   195 | D:1      | Reached skill level 3 in Ice Magic
   257 | D:1      | Gained mutation: You sometimes gain a little power by taking damage. [demonic ancestry]
   257 | D:1      | Reached XP level 2. HP: 19/19 MP: 4/4
   271 | D:1      | Learned a level 2 spell: Throw Frost
   439 | D:1      | Found a white marble altar of Elyvilon.
  1325 | D:2      | Gained mutation: You have sharp toenails. [demonic ancestry]
  1325 | D:2      | Reached XP level 3. HP: 24/24 MP: 2/5
  1772 | D:2      | Reached skill level 1 in Armour
  2142 | D:3      | Gained mutation: You are partially covered in icy blue scales (AC +1). [demonic ancestry]
  2142 | D:3      | Reached XP level 4. HP: 27/30 MP: 2/7
  2280 | D:3      | Learned a level 3 spell: Ozocubu's Armour
  2366 | D:3      | Noticed Ijyb
  2383 | D:3      | Killed Ijyb
  2641 | D:3      | Gained mutation: You are mostly covered in icy blue scales (AC +3, EV -1). [demonic ancestry]
  2641 | D:3      | Reached XP level 5. HP: 21/35 MP: 6/9
  2945 | D:3      | Noticed Jessica
  2950 | D:3      | Killed Jessica
  3191 | D:3      | Reached skill level 4 in Ice Magic
  3347 | D:3      | Reached skill level 1 in Maces & Flails
  4461 | D:3      | Reached XP level 6. HP: 41/41 MP: 11/11
  4501 | D:3      | Noticed an ogre
  4523 | D:3      | HP: 2/41 [ogre/giant club (18)]
  4532 | D:3      | HP: 2/41 [ogre/giant club (21)]
  4535 | D:3      | Killed an ogre
  5006 | D:4      | Found Breaqac's Assorted Antiques.
  5022 | D:4      | Bought a ring mail for 96 gold pieces
  5175 | D:4      | Found Lyunobyl's Book Shoppe.
  5336 | D:4      | Reached skill level 1 in Charms
  5717 | D:4      | Found Kleithri's Magic Scroll Shop.
  5728 | D:4      | scroll shop
  5728 | D:4      | Bought a scroll of identify for 24 gold pieces
  5728 | D:4      | Bought a scroll of identify for 24 gold pieces
  5728 | D:4      | Bought a scroll of teleportation for 36 gold pieces
  5728 | D:4      | Bought a scroll of identify for 24 gold pieces
  5786 | D:5      | Entered Level 5 of the Dungeon
  5837 | D:4      | Reached skill level 1 in Fighting
  5837 | D:4      | Reached XP level 7. HP: 40/46 MP: 5/14
  6084 | D:5      | Reached skill level 1 in Staves
  6142 | D:5      | Gained mutation: You are agile (Dex +1). [potion of mutation]
  6142 | D:5      | Gained mutation: Your muscles are strong, but stiff (Str +1, Dex -1). [potion of mutation]
  6142 | D:5      | Gained mutation: You cover ground quickly. [potion of mutation]
  6698 | D:6      | Slain by a wight

Action                   |  1- 3 |  4- 6 |  7- 9 || total
-------------------------+-------+-------+-------++-------
Melee: Short sword       |     5 |       |       ||     5
       Whip              |    29 |    77 |       ||   106
       Quarterstaff      |       |    22 |    27 ||    49
Throw: Dart              |     4 |     4 |       ||     8
 Cast: Freeze            |    31 |    17 |     5 ||    53
       Throw Frost       |    20 |    61 |    10 ||    91
       Ozocubu's Armour  |       |    11 |     4 ||    15
  Use: Potion            |       |     3 |     1 ||     4
       Scroll            |       |       |    14 ||    14
 Stab: Sleeping          |     1 |       |       ||     1
